[Event "44th Chess Olympiad Women 2022"]
[Site "Chennai"]
[Date "2022.08.07"]
[Round "9.57"]
[White "De la Riva Real, Ariadna"]
[Black "Leboela, Maboloko"]
[Result "1-0"]
[WhiteElo "1649"]
[BlackElo "1253"]
[Annotator "NA RC"]
[PlyCount "135"]
[EventDate "2022.??.??"]
[TimeControl "60"]

1. e4 d6 2. d4 Nf6 3. Nc3 g6 4. g3 Bg7 5. Bg2 Nbd7 6. Nge2 c5 7. d5 Qc7 8. O-O a6 9. a4 O-O 10. f4 e6 11. dxe6 fxe6 12. f5 Ne5 13.
fxg6 Nxg6 14. Nf4 Ne8 15. Nce2 Qe7 16. Nxg6 Rxf1+ 17. Qxf1 hxg6 18. Nf4 Bd4+ 19. Kh1 Qf7 20. c3 Bg7 21. Be3 g5 22. Nh3 Qxf1+ 23. Bxf1 g4 24. Nf2 e5 25. Be2 Nf6 26. Rd1 Bf8 27. Bg5 Nh7 28. Bc4+ Kg7 29. Bd8 Bd7 30. Bc7 b5 31. Bxd6 Bxd6 32. Rxd6 Nf6 33. Be6 Bxe6 34. Rxe6 bxa4 35. Rxe5 Rb8 36. Nd3 c4 37. Nb4 a5 38. Rxa5 Nxe4 39. Rxa4 Nf2+ 40. Kg1 Nd3 41. Nxd3 cxd3 42. Rxg4+ Kf6 43. Rd4 Rxb2 44. Rxd3 Rb1+ 45. Kg2 Rc1 46. g4 Kg5 47. Kh3 Rc2 48. Kg3 Rc1 49. h4+ Kg6 50. Kf4 Rf1+ 51. Rf3 Ra1 52. Rd3 Rf1+ 53. Ke3 Re1+ 54. Kf2 Re4 55. Rd4 Re8 56. c4 Rf8+ 57. Kg3 Ra8 58. c5 Ra3+ 59. Kf4 Rc3 60. h5+ Kf6 61. g5+ Kg7 62. Rd5 Rc4+ 63. Kf5 Rc1 64. h6+ Kh7 65. Rd7+ Kg8 66. Kg6 Rf1 67. Rd8+ Rf8 68. h7+ 1-0

[Event "44th Chess Olympiad Women 2022"]
[Site "Chennai"]
[Date "2022.08.07"]
[Round "9.57"]
[White "De la Riva Real, Jana"]
[Black "Reitumetse Taioe"]
[Result "0-1"]
[WhiteElo "1167"]
[BlackElo "1180"]
[Annotator "NA RC"]
[PlyCount "60"]
[EventDate "2022.??.??"]
[TimeControl "60"]

1. e4 e6 2. d3 d5 3. Nd2 c5 4. g3 Nc6 5. Bg2 Nf6 6. Ngf3 Be7 7. O-O O-O 8. e5 Nd7 9. Re1 Qc7 10. Qe2 f6 11. exf6 Nxf6 12. Nf1 Bd6 13. h4 Bd7 14. N1h2 Rae8 15. Bg5 e5 16. Bxf6 Rxf6 17. Ng5 Ne7 18. Ng4 Bxg4 19. Qxg4 Qc8 20. Qh5 h6 21. Bh3 Nf5 22. Bxf5 Rxf5 23. g4 Rf4 24. Nh3 Rxg4+ 25. Kh1 Rf8 26. Rf1 Rd4 27. Ng1 Rff4 28. Nf3 Qh3+ 29. Nh2 Rxh4 30. Qe8+ Kh7 0-1

[Event "44th Chess Olympiad Women 2022"]
[Site "Chennai"]
[Date "2022.08.07"]
[Round "9.57"]
[White "Malehloa, Likhomo"]
[Black "Henderson de La Fuente, Andrea"]
[Result "0-1"]
[WhiteElo "1322"]
[BlackElo "1962"]
[Annotator "NA"]
[PlyCount "96"]
[EventDate "2022.??.??"]
[TimeControl "60"]

1. d4 Nf6 2. Nf3 b6 3. c4 Bb7 4. g3 g6 5. Bg2 Bg7 6. Nc3 d6 7. Bf4 Nbd7 8. O-O O-O 9. Qd2 Re8 10. Rfe1 e5 11. dxe5 dxe5 12. Bh6 e4 13. Bxg7 Kxg7 14. Nh4 Ne5 15. Qxd8 Raxd8 16. b3 Rd2 17. Red1 Red8 18. Kf1 Neg4 19. h3 Nh6 20. Bh1 g5 21. Ng2 e3 22. Rxd2 exd2 23. Rd1 Be4 24. f3 Bc2 25. Ne3 Bxd1 26. Nexd1 Nf5 27. Kf2 a6 28. e4 Nd4 29. Bg2 c6 30. Nb1 Nc2 31. g4 Nb4 32. Nbc3 Nd7 33.
Ke2 Ne5 34. a3 Nbd3 35. Ke3 Ne1 36. Bh1 Nc2+ 37. Ke2 Nxa3 38. Na4 b5 39. cxb5 axb5 40. Nc5 Nc2 41. Bg2 Nd4+ 42. Ke3 Nxb3 43. Na6 Rd3+ 44. Ke2 c5 45. Nc7 Nd4+ 46. Kf2 c4 47. Nd5 Rb3 48. N5c3 b4 0-1

[Event "44th Chess Olympiad Women 2022"]
[Site "Chennai"]
[Date "2022.08.07"]
[Round "9.58"]
[White "Marochkina, Nadezhda Valerevna"]
[Black "Raharimanana, Faratiana"]
[Result "1/2-1/2"]
[WhiteElo "1687"]
[BlackElo "1707"]
[Annotator "NA RC"]
[PlyCount "93"]
[EventDate "2022.??.??"]
[TimeControl "60"]

1. d4 Nf6 2. c4 e6 3. Nf3 b6 4. Bg5 Bb7 5. e3 Bb4+ 6. Nc3 d6 7. Qa4+ Nc6 8. d5 Bxc3+ 9. bxc3 Qd7 10. dxc6 Bxc6 11. Qd1 Ne4 12. Rc1 f6 13. Bh4 g5 14. Bg3 h5 15. h4 g4 16. Nd4 Ba4 17. Qd3 f5 18. Nb3 O-O-O 19. Bf4 Rdg8 20. c5 e5 21. Qa6+ Kb8 22. cxb6 cxb6 23. Bg3 Bc6 24. Bc4 Rf8 25. Bd3 Nxg3 26. fxg3 Bxg2 27. Rh2 Bb7 28. Bb5 Qe7 29. Qa4 Qc7 30. Rf2 Rf6 31. Qc4 Qe7 32. Ba6 Ba8 33. Na5 d5 34. Qb5 f4 35. exf4 exf4+ 36. Re2 Re6 37. Nc6+ Bxc6 38. Qxc6 Rxe2+ 39. Bxe2 f3 40. Rc2 Re8 41. Qxd5 fxe2 42. Qd3 Qe3 43. Qd6+ Kb7 44. Qd7+ Ka6 45. Qa4+ Kb7 46. Qd7+ Kb8 47. Qd6+ 1/2-1/2

[Event "44th Chess Olympiad Women 2022"]
[Site "Chennai"]
[Date "2022.08.07"]
[Round "9.58"]
[White "Razafindrabiaza, Christine"]
[Black "Sy Mame, Binta"]
[Result "1/2-1/2"]
[WhiteElo "1635"]
[BlackElo "1256"]
[Annotator "NA COMBH"]
[PlyCount "148"]
[EventDate "2022.??.??"]
[TimeControl "60"]

1. c4 d6 2. Nc3 e5 3. d3 Nc6 4. Nf3 Nf6 5. e3 b6 6. Be2 Be7 7. O-O O-O 8. Nd2 Bb7 9. a3 Rb8 10. b4 Qe8 11. Bb2 Bd8 12. Nd5 Qe6 13. e4 Ne7 14. h3 Ng6 15.
Nf3 Qe8 16. Rc1 c6 17. Ne3 Nd7 18. Nf5 Be7 19. d4 c5 20. d5 Nf6 21. Bd3 Bc8 22. b5 Bd7 23. Re1 Qc8 24. Qc2 Re8 25. Bc3 Nh5 26. Bd2 Nhf4 27. Bf1 Qd8 28. g3 Nh5 29. Nh2 Ra8 30. a4 Nf6 31. Qd3 Qc8 32.
g4 a6 33. Bg5 Bxf5 34. gxf5 Nf4 35. Bxf4 exf4 36. Qf3 axb5 37. axb5 Nd7 38. Qxf4 Ne5 39. Ng4 Bf6 40. Nxf6+ gxf6 41. Re3 Kh8 42. Qh4 Rg8+ 43. Kh1 Qd8 44. f4 Nd7 45. Qh5 Qf8 46. Re2 Qe7 47. Qf3 Rg7 48. Rg2 Rag8 49. Rxg7 Rxg7 50. Bd3 Qf8 51. Rg1 Rxg1+ 52. Kxg1 Qg7+ 53. Kh2 Nf8 54. Bf1 h6 55. Qa3 h5 56. Qf3 h4 57. Qh5+ Qh7 58. Qf3 Qh6 59.
Qg4 Nh7 60. Bg2 Nf8 61. Qf3 Nh7 62. Qe3 Nf8 63. Kg1 Nh7 64.
Qc1 Nf8 65. Qa1 Qxf4 66. Qxf6+ Kg8 67. Qc3 Nd7 68. Qa3 Ne5 69. Qc3 Qg3 70. Qa1 Nf3+ 71. Kf1 Nd2+ 72. Kg1 Nf3+ 73. Kf1 Nd2+ 74. Kg1 Nf3+ 1/2-1/2

[Event "44th Chess Olympiad Women 2022"]
[Site "Chennai"]
[Date "2022.08.07"]
[Round "9.58"]
[White "Sy, Mariama"]
[Black "Rakotoniaina Tiana Johanna"]
[Result "0-1"]
[WhiteElo "1211"]
[BlackElo "1529"]
[Annotator "NA RC"]
[PlyCount "66"]
[EventDate "2022.??.??"]
[TimeControl "60"]

1. e4 e5 2. Nf3 Nc6 3. d4 exd4 4. Nxd4 Bc5 5. Be3 Qf6 6. c3 d6 7. Bd3 Bd7 8. Bc2 Nge7 9. O-O Ne5 10. Nf3 Bg4 11. Nbd2 N7g6 12. Bg5 Bxf3 13. Bxf6 Bxd1 14. Raxd1 gxf6 15. g3 Rg8 16. Kh1 Ng4 17. Kg2 O-O-O 18. f3 Ne3+ 19. Kh1 Nxc2 20. Rb1 Ne3 21. Rfe1 Ne5 22. b4 Bb6 23. Rb3 N5c4 24. Nxc4 Nxc4 25. Rf1 Nd2 26. Rbb1 Nxf1 27. Rxf1 a5 28. Rb1 axb4 29. Rxb4 d5 30. Rb1 dxe4 31. fxe4 Rd2 32. a3 Rgd8 33. Rg1 Bxg1 0-1

[Event "44th Chess Olympiad Women 2022"]
[Site "Chennai"]
[Date "2022.08.07"]
[Round "9.59"]
[White "Burbach, Anya Belle"]
[Black "Nomcebo, Sibisi"]
[Result "1/2-1/2"]
[WhiteElo "1375"]
[BlackElo "1225"]
[Annotator "NA RC"]
[PlyCount "207"]
[EventDate "2022.??.??"]
[TimeControl "60"]

1. e4 g6 2. d4 Bg7 3. Nf3 d6 4. Be3 Bg4 5. Nbd2 e5 6. Be2 Nd7 7. h3 Bxf3 8.
Nxf3 Ngf6 9. Bd3 O-O 10. Qd2 Re8 11. O-O exd4 12. Bxd4 c5 13.
Bxf6 Bxf6 14. c3 Ne5 15. Nxe5 Bxe5 16. Bc4 Rb8 17. f4 Bg7 18. Bd5 b5 19. f5 g5 20. Qf2 Bf6 21. a3 a5 22. Qe2 Qe7 23.
Rab1 Kg7 24. Qg4 Rh8 25. h4 h5 26. Qg3 g4 27. Qe3 Rh6 28.
g3 b4 29. Qd3 Rhh8 30. Rfc1 Rb6 31. axb4 axb4 32. Ra1 Rc8 33. Ra2 bxc3 34. bxc3 Qc7 35. Qc4 Qe7 36. Qa4 Rcb8 37. Qa7 Qxa7 38. Rxa7 Rf8 39. Rc2 Rb1+ 40. Kg2 Rd1 41. Rd7 Be5 42. f6+ Kg6 43. Rf2 Rd3 44. Rf5 Rxg3+ 45. Kf2 Rf3+ 46. Rxf3 gxf3 47. Kxf3 Kxf6 48. Ke3 Kg6 49. Kd3 f5 50. exf5+ Kxf5 51. Bf3 Ke6 52. Bc6 Rf4 53. Rh7 Rxh4 54. Be8 Rh3+ 55. Ke2 Rh2+ 56. Kf3 h4 57. c4 Bg3 58. Bc6 Ke5 59. Re7+ Kd4 60. Re4+ Kc3 61. Bd5 Rd2 62. Be6 Rf2+ 63. Ke3 Rf8 64. Bd5 h3 65. Rg4 Be5 66. Rh4 h2 67. Ke2 Rf6 68. Rh3+ Kb4 69. Rh4 Rf5 70. Rh7 Rf4 71. Rb7+ Kc3 72. Rh7 Rf6 73. Rh3+ Kb4 74. Rh7 Rf5 75. Rb7+ Kc3 76. Rb1 Bf4 77. Bg8 Kd4 78. Rd1+ Ke5 79. Rd5+ Ke4 80. Rd1 Be5 81. Bh7 Kf4 82. Bxf5 Kxf5 83. Kf3 Bd4 84. Kg2 Be5 85. Re1 Ke6 86. Rd1 Kd7 87. Kh1 Kc6 88. Kg2 Kb6 89. Rb1+ Ka5 90. Rb5+ Ka4 91. Kh1 Bf4 92. Kg2 d5 93. Rxc5 d4 94. Rb5 d3 95. Rb1 d2 96. c5 Ka5 97. c6 Bc7 98. Rd1 Bf4 99. c7 Bxc7 100.
Rxd2 Kb5 101. Rb2+ Ka4 102. Kh1 Ka3 103. Rxh2 Bxh2 104. Kxh2 1/2-1/2

[Event "44th Chess Olympiad Women 2022"]
[Site "Chennai"]
[Date "2022.08.07"]
[Round "9.59"]
[White "Dlamini, Nosipho"]
[Black "Buhagiar, Melita Sunan"]
[Result "0-1"]
[WhiteElo "1081"]
[BlackElo "1431"]
[Annotator "NA RC"]
[PlyCount "72"]
[EventDate "2022.??.??"]
[TimeControl "60"]

1. e4 c5 2. Nf3 d6 3. d4 cxd4 4. Nxd4 Nf6 5. Nc3 a6 6. Be2 e6 7. Be3 Be7 8. Qd3 Qc7 9. O-O Nbd7 10. Bf3 O-O 11. Nce2 Ne5 12. Qc3 Qd7 13. Ng3 b5 14. Be2 Bb7 15. f4 Rac8 16. Qb3 Nc4 17. Bf3 Nxe3 18. Qxe3 Bd8 19. c3 Bb6 20. e5 Nd5 21. Qd2 dxe5 22. fxe5 Qc7 23. Rfe1 Rfd8 24. Kh1 Ne7 25. Bxb7 Qxb7 26. Rad1 Nc6 27. Re4 b4 28. Nge2 Nxd4 29. Rxd4 Bxd4 30. cxd4 Rc7 31. Rf1 Rdc8 32. Qd3 Rc2 33. Rb1 Qb5 34. Qxb5 axb5 35. Ng3 Rc1+ 36. Rxc1 Rxc1+ 0-1

[Event "44th Chess Olympiad Women 2022"]
[Site "Chennai"]
[Date "2022.08.07"]
[Round "9.59"]
[White "Nosimilo, Mkhonto"]
[Black "Khantree, Napat"]
[Result "0-1"]
[WhiteElo "1313"]
[BlackElo "1362"]
[Annotator "NA RC"]
[PlyCount "58"]
[EventDate "2022.??.??"]
[TimeControl "60"]

1. e4 e5 2. Nf3 Nc6 3. Bc4 Bc5 4. c3 Nf6 5. d3 d6 6. Bb3 Be6 7. Bc2 h6 8. h3 Bb6 9. Nbd2 Qe7 10. Nf1 a6 11. Be3 Bxe3 12. Nxe3 O-O-O 13. O-O g5 14. d4 exd4 15. Nxd4 Bd7 16. Nd5 Nxd5 17. exd5 Ne5 18. Bf5 Bxf5 19. Nxf5 Qf6 20. Ne3 h5 21. Qd4 g4 22. hxg4 hxg4 23. Nxg4 Nxg4 24. Qxg4+ Kb8 25. f3 Rdg8 26. Qd4 Qg5 27. Kf2 Qxg2+ 28. Ke3 Re8+ 29. Kd3 Qe2# 0-1

[Event "44th Chess Olympiad Women 2022"]
[Site "Chennai"]
[Date "2022.08.07"]
[Round "9.59"]
[White "Prommuang, Araya"]
[Black "Nkwanyane Nolwazi"]
[Result "0-1"]
[WhiteElo "1651"]
[BlackElo "1158"]
[Annotator "NA"]
[PlyCount "82"]
[EventDate "2022.??.??"]
[TimeControl "60"]

1. e4 e5 2. Nf3 Nc6 3. Bb5 a6 4. Ba4 Nf6 5. O-O Be7 6. Re1 b5 7. Bb3 O-O 8. c3 d5 9. exd5 Nxd5 10. Nxe5 Nxe5 11. Rxe5 c6 12. d4 Bd6 13. Re1 Qh4 14. g3 Qh3 15. Qf3 Bg4 16. Qg2 Qh5 17. h4 Bf3 18.
Qh2 f5 19. Nd2 f4 20. c4 fxg3 21. fxg3 Qg4 22. Nf1 bxc4 23. Bxc4 Qxd4+ 24. Ne3 Kh8 25. Bxd5 cxd5 26. Rf1 Bc5 27. Qd2 Qg4 28. Kh2 Bxe3 29. Qxe3 Rae8 30. Qg1 Re2+ 31. Rf2 Rfe8 32. Be3 R8xe3 33. Raf1 Rxf2+ 34. Rxf2 d4 35. Qc1 Re2 36. Rxe2 Bxe2 37. Qc6 h6 38. Qd5 d3 39. a3 Bf1 40. Kg1 Qe2 41. Qc6 Qg2+ 0-1

[Event "44th Chess Olympiad Women 2022"]
[Site "Chennai"]
[Date "2022.08.07"]
[Round "9.60"]
[White "Elshalom Essayas Berhane"]
[Black "Jonet, Davena"]
[Result "0-1"]
[WhiteElo "1481"]
[BlackElo "1458"]
[Annotator "NA"]
[PlyCount "88"]
[EventDate "2022.??.??"]
[TimeControl "60"]

1. d4 d5 2. Nf3 Nf6 3. Bf4 Bf5 4. e3 e6 5. a3 Bd6 6. Bg3 a6 7. c4 Bxg3 8. hxg3 c6 9. Nc3 Qc7 10. Rc1 Nbd7 11. c5 e5 12. Be2 h6 13. b4 e4 14. Nd2 Be6 15. g4 g5 16. Nf1 Ng8 17. f3 f5 18. gxf5 Bxf5 19. g4 exf3 20.
Bxf3 Bg6 21. e4 dxe4 22. Bxe4 Ne7 23. Qe2 O-O-O 24. Bxg6 Nxg6 25. Ne4 Qf4 26. Nd6+ Kb8 27. Rd1 Nf6 28. Ne3 Ne4 29. Rh3 Nc3 30. Qg2 Nxd1 31. Kxd1 Qxd4+ 32. Kc2 Ka7 33. Qf3 Rdf8 34. Nef5 Qe5 35. Qd3 Nf4 36. Re3 Nxd3 37. Rxe5 Nxe5 38. Kb3 Nxg4 39. Ka4 h5 40. Ka5 h4 41. a4 Ne5 42. b5 axb5 43. axb5 Nc4+ 44. Nxc4 Rxf5 0-1

[Event "44th Chess Olympiad Women 2022"]
[Site "Chennai"]
[Date "2022.08.07"]
[Round "9.60"]
[White "Seine, Rose Berline"]
[Black "Makda Araya Fessehaye"]
[Result "1-0"]
[WhiteElo "1679"]
[BlackElo "1242"]
[Annotator "NA RC"]
[PlyCount "63"]
[EventDate "2022.??.??"]
[TimeControl "60"]

1. d4 d5 2. c4 e6 3. Nc3 Nf6 4. Bf4 Nbd7 5. Nf3 Be7 6. Nb5 Bb4+ 7. Nd2 e5 8. dxe5 Nh5 9. Be3 Nxe5 10. a3 Ba5 11. b4 Bb6 12. c5 c6 13.
Nd6+ Kd7 14. Nxc8 Rxc8 15. cxb6 axb6 16. Bd4 Re8 17. e3 c5 18. Bb5+ Nc6 19. bxc5 Qh4 20. O-O bxc5 21. Bxc5 Re6 22. Nf3 Qf6 23. Qxd5+ Kc7 24. Qxh5 Ne5 25. Bd4 Nxf3+ 26. Qxf3 Qg6 27. Rac1+ Kb8 28. Qf4+ Rd6 29. Be5 Rcd8 30. Rfd1 Ka7 31. Bxd6 b6 32. Qa4+ 1-0

[Event "44th Chess Olympiad Women 2022"]
[Site "Chennai"]
[Date "2022.08.07"]
[Round "9.61"]
[White "Psaila, Uranchimeg"]
[Black "Acham, Meritza"]
[Result "0-1"]
[WhiteElo "1395"]
[BlackElo "1397"]
[Annotator "NA RC"]
[PlyCount "86"]
[EventDate "2022.??.??"]
[TimeControl "60"]

1. d4 Nf6 2. Bf4 c5 3. e3 e6 4. Nd2 Qb6 5. Nc4 Qc6 6. c3 d5 7. Ne5 Qb6 8. Rb1 Nbd7 9. Ngf3 Be7 10. h3 O-O 11. Be2 Ne4 12. O-O f6 13.
Nxd7 Bxd7 14. Bh2 Rac8 15. Qb3 c4 16. Qxb6 axb6 17. Bd1 Ra8 18.
Ra1 Ba4 19. Bxa4 Rxa4 20. Rfc1 Rfa8 21. a3 b5 22. Rc2 b4 23. cxb4 Bxb4 24. Rac1 Ba5 25. g4 b5 26. Kg2 b4 27. axb4 Bxb4 28.
Ng1 Ra2 29. f3 Nd2 30. Ne2 Nb3 31. Rf1 Ba3 32. Rb1 Bb4 33. Nc1 Nxc1 34. Rbxc1 Ra1 35. Bg3 Rxc1 36. Rxc1 Bd2 37. Rc2 Bxe3 38. Bf2 Bxf2 39. Kxf2 Rb8 40. Ke3 e5 41. h4 Rb3+ 42. Rc3 Rxb2 43. Ra3 Rb3+ 0-1

[Event "44th Chess Olympiad Women 2022"]
[Site "Chennai"]
[Date "2022.08.07"]
[Round "9.61"]
[White "Thornton, Filipina"]
[Black "Beekhy, Aamirah"]
[Result "1-0"]
[WhiteElo "1661"]
[BlackElo "1373"]
[Annotator "NA"]
[PlyCount "86"]
[EventDate "2022.??.??"]
[TimeControl "60"]

1. d4 d5 2. c4 e6 3. Nc3 Nf6 4. Bg5 Be7 5. e3 O-O 6. Nf3 Nbd7 7. Bd3 b6 8. cxd5 exd5 9. Rc1 Bb7 10. O-O Rc8 11. Bf4 c6 12. h3 Re8 13. Re1 c5 14. Nb5 a6 15. Nd6 Bxd6 16. Bxd6 Ne4 17. Bh2 c4 18. Be2 b5 19. Nd2 Ndf6 20. Nxe4 Nxe4 21. f3 Nf6 22. Qd2 Rc6 23. Bf1 Rce6 24. a3 Qe7 25. Kf2 h6 26. Be5 Nd7 27. Bh2 Nf6 28.
Re2 Bc8 29. Rce1 Kf8 30. Kg1 Kg8 31. Qc2 Nh7 32. e4 dxe4 33.
fxe4 Bb7 34. d5 Qc5+ 35. Kh1 R6e7 36. d6 Re6 37. e5 Nf8 38.
Qf5 Bd5 39. Rd2 Nd7 40. Ree2 Nxe5 41. d7 Rd8 42. Rxe5 Rxe5 43. Qxe5 Rxd7 1-0

[Event "44th Chess Olympiad Women 2022"]
[Site "Chennai"]
[Date "2022.08.07"]
[Round "9.62"]
[White "Ahmed, Najla"]
[Black "Eman Sawan"]
[Result "0-1"]
[WhiteElo "1176"]
[BlackElo "1847"]
[Annotator "NA"]
[PlyCount "84"]
[EventDate "2022.??.??"]
[TimeControl "60"]

1. d4 Nf6 2. e3 g6 3. Bd3 Bg7 4. f4 d6 5. Nf3 Nbd7 6. O-O O-O 7. Nbd2 Re8 8.
f5 Nb6 9. Nh4 e5 10. dxe5 dxe5 11. e4 Nxe4 12. Nxe4 Qd4+ 13. Kh1 Nd5 14. Nf3 Qb6 15. f6 Nxf6 16. Nxf6+ Bxf6 17. Re1 Bg7 18. Rb1 Qa5 19. Bc4 h6 20. Qd5 Qxd5 21. Bxd5 c6 22. Bc4 b5 23. Bb3 Bb7 24. a3 c5 25. c4 a6 26. Be3 e4 27. Nd2 Rac8 28. Bc2 f5 29. cxb5 axb5 30. Nb3 c4 31. Nd4 Re5 32. Rbd1 g5 33. g3 Rf8 34. Rf1 f4 35.
gxf4 gxf4 36. Bxe4 Bxe4+ 37. Kg1 fxe3 38. Rxf8+ Kxf8 39. h4 Kf7 40. Rf1+ Kg6 41. Re1 Rh5 42. Rxe3 Bxd4 0-1

[Event "44th Chess Olympiad Women 2022"]
[Site "Chennai"]
[Date "2022.08.07"]
[Round "9.62"]
[White "Heba, Assi"]
[Black "Almusawi, Maram"]
[Result "1-0"]
[WhiteElo "1449"]
[BlackElo "1349"]
[Annotator "NA RC"]
[PlyCount "71"]
[EventDate "2022.??.??"]
[TimeControl "60"]

1. d4 d5 2. Nf3 Nf6 3. e3 e6 4. Bd3 c5 5. b3 Nc6 6. a3 Bd6 7. Bb2 Qe7 8. Ne5 Qc7 9. f4 a6 10. O-O O-O 11. Nd2 b5 12. c4 bxc4 13.
bxc4 Rb8 14. Rb1 Bb7 15. cxd5 Nxd5 16. Rf3 Qe7 17. Rh3 f5 18. dxc5 Bxc5 19. Qh5 Bxe3+ 20. Kh1 Nf6 21. Nxc6 Nxh5 22. Nxe7+ Kf7 23. Rxe3 Kxe7 24. Be5 Bxg2+ 25. Kxg2 Rbd8 26.
Rb7+ Rd7 27. Rxd7+ Kxd7 28. Bxa6 Ra8 29. Bb5+ Ke7 30. a4 Rd8 31. Rd3 Rc8 32. Rd7+ Kf8 33. Nf3 h6 34. Nd4 Kg8 35. Nxe6 Rc2+ 36. Kh3 1-0

[Event "44th Chess Olympiad Women 2022"]
[Site "Chennai"]
[Date "2022.08.07"]
[Round "9.63"]
[White "Godoy Yolanda"]
[Black "Abigail Karyah"]
[Result "0-1"]
[WhiteElo "1219"]
[BlackElo "1455"]
[Annotator "NA RC"]
[PlyCount "86"]
[EventDate "2022.??.??"]
[TimeControl "60"]

1. e4 e5 2. Nc3 Nf6 3. d3 h6 4. Nf3 Nc6 5. a3 Bc5 6. Be3 Bb6 7. Qe2 d6 8. Nd5 Be6 9. Nxf6+ Qxf6 10. c3 Na5 11. b4 Nb3 12. Rb1 Bxe3 13.
Qxe3 a5 14. Be2 O-O 15. Bd1 a4 16. O-O b5 17. Nd2 Nxd2 18.
Qxd2 Rfd8 19. Bf3 c6 20. Rbc1 d5 21. d4 dxe4 22. Bxe4 exd4 23. Qc2 dxc3 24. Qxc3 Qxc3 25. Rxc3 Bc4 26. Re1 Rac8 27. Bf5 Rc7 28. Rce3 g6 29. Bc2 c5 30. bxc5 Rxc5 31. g4 Kg7 32. Re7 Be6 33. Bb1 Rc3 34. R1xe6 Rxa3 35. Rxg6+ Kf8 36. Re3 Rxe3 37. fxe3 fxg6 38. Bxg6 a3 39. e4 a2 40. e5 a1=Q+ 41. Kg2 Rd2+ 42. Kh3 Qc3+ 43. Kh4 Rxh2# 0-1

[Event "44th Chess Olympiad Women 2022"]
[Site "Chennai"]
[Date "2022.08.07"]
[Round "9.66"]
[White "Aponte, Samantha"]
[Black "dos Santos, Elfiana"]
[Result "1-0"]
[WhiteElo "1087"]
[BlackElo "1560"]
[Annotator "NA RC"]
[PlyCount "81"]
[EventDate "2022.??.??"]
[TimeControl "60"]

1. e4 e5 2. Nf3 Nc6 3. Bc4 h6 4. d3 Bc5 5. O-O Nf6 6. h3 O-O 7. Re1 d6 8. c3 Na5 9. Bb3 Nxb3 10. Qxb3 Bb6 11. Nbd2 Be6 12. Qd1 a6 13. Nf1 a5 14. Ng3 Qe7 15. Nh4 Nh7 16. Nhf5 Qf6 17. Nh5 Qd8 18. Qg4 g5 19. Nxh6+ Kh8 20. Qf3 f6 21. Be3 Bxe3 22. fxe3 Qe8 23. g4 Qg6 24. Nf5 Bxf5 25. exf5 Qe8 26. Qxb7 Qd7 27. Qf3 Qb5 28. Qe2 Rab8 29. Rab1 a4 30. c4 Qc6 31. Rbd1 Rbd8 32. b3 axb3 33. axb3 Rb8 34. Rb1 Rb7 35. d4 exd4 36. exd4 Re8 37. Qxe8+ Qxe8 38. Rxe8+ Nf8 39. Rxf8+ Kh7 40. Re1 c6 41. Ree8 1-0

[Event "44th Chess Olympiad Women 2022"]
[Site "Chennai"]
[Date "2022.08.07"]
[Round "9.66"]
[White "Gusmao, Maria do Ceu"]
[Black "Sagastegui, Thamara"]
[Result "0-1"]
[WhiteElo "1442"]
[BlackElo "1362"]
[Annotator "NA"]
[PlyCount "97"]
[EventDate "2022.??.??"]
[TimeControl "60"]

1. c4 e5 2. Nc3 Nf6 3. a3 a5 4. g3 Bc5 5. Bg2 d6 6. h3 Nc6 7. Nf3 Bd7 8. e3 h6 9. O-O Qc8 10. Nb5 Bb6 11. d4 e4 12. Nh2 O-O 13.
g4 Re8 14. f3 exf3 15. Bxf3 Ne7 16. Nc3 Ng6 17. Nd5 Nxd5 18. Bxd5 Be6 19. Rf2 Bxd5 20. cxd5 Qd7 21. Kh1 Qe7 22. Rg2 Nh4 23. Rg3 Qe4+ 24. Nf3 Qxd5 25. Kh2 Nxf3+ 26. Rxf3 Re6 27. Qf1 Re7 28. Qf2 Qb5 29. Kg3 d5 30. Rb1 Qd7 31. Bd2 Ree8 32. Rf1 Qd6+ 33. Kg2 f6 34. b4 Qd7 35. Kg1 Re4 36. Bc3 axb4 37. Bxb4 Ba5 38. Bxa5 Rxa5 39. Qa2 Qe7 40. Rf5 c6 41. R5f3 Rxe3 42. Rxe3 Qxe3+ 43. Rf2 Rxa3 44. Qe2 Qxe2 45. Rxe2 Rxh3 46. Kg2 Rd3 47. Re7 Rxd4 48. Rxb7 Rxg4+ 49. Kf3 0-1

[Event "44th Chess Olympiad Women 2022"]
[Site "Chennai"]
[Date "2022.08.07"]
[Round "9.66"]
[White "Jacobs, Annelaine"]
[Black "da Silva, Sonizia A.Tilman"]
[Result "1-0"]
[WhiteElo "1612"]
[BlackElo "1507"]
[Annotator "NA"]
[PlyCount "83"]
[EventDate "2022.??.??"]
[TimeControl "60"]

1. e4 Nc6 2. d4 d6 3. Bb5 Bd7 4. Nc3 Nf6 5. Nf3 a6 6. Bxc6 Bxc6 7. d5 Bd7 8. O-O c6 9. Re1 cxd5 10. exd5 g6 11. Ne4 Bg7 12. Nxd6+ Kf8 13. Ne4 Bg4 14. Nxf6 Bxf6 15. Bh6+ Bg7 16. Bxg7+ Kxg7 17. Qd4+ f6 18. Qxg4 Qxd5 19. Rxe7+ Kf8 20. Qe6 Qxe6 21. Rxe6 Kf7 22. Rae1 Rhd8 23. Re7+ Kg8 24. Rxb7 Rac8 25. c3 Rc5 26. Rbe7 Rcd5 27. Re8+ Rxe8 28. Rxe8+ Kf7 29. Re1 h5 30. Nd4 a5 31. g3 g5 32. Kg2 a4 33. b4 axb3 34. axb3 g4 35. b4 Re5 36. Rxe5 fxe5 37. Nc6 Ke6 38.
c4 Kd6 39. b5 e4 40. Na7 Kc5 41. Nc8 Kxc4 42. b6 1-0

[Event "44th Chess Olympiad Women 2022"]
[Site "Chennai"]
[Date "2022.08.07"]
[Round "9.67"]
[White "James, Shemilah"]
[Black "Johnson, Daijah"]
[Result "1-0"]
[WhiteElo "1590"]
[BlackElo "1480"]
[Annotator "NA RC"]
[PlyCount "65"]
[EventDate "2022.??.??"]
[TimeControl "60"]

1. e4 c5 2. Nc3 e6 3. g3 Nc6 4. Bg2 Nf6 5. d3 d5 6. Nge2 d4 7. Nb1 e5 8. Nd2 Be7 9. O-O O-O 10. a4 Be6 11. h3 Qd7 12. Kh2 h6 13. f4 Qc7 14. f5 Bd7 15.
Nf3 Kh7 16. Qd2 Ng8 17. h4 g6 18. Nfg1 g5 19. Bh3 f6 20.
Nf3 Na5 21. b3 b6 22. Kg2 Bd6 23. Bg4 Be8 24. hxg5 hxg5 25. Rh1+ Nh6 26. Nxg5+ fxg5 27. Qxg5 Qg7 28. Rxh6+ Kg8 29. Rxd6 Qxg5 30.
Bxg5 Nb7 31. Rh6 Nd8 32. Rah1 Kg7 33. Rh7+ 1-0

[Event "44th Chess Olympiad Women 2022"]
[Site "Chennai"]
[Date "2022.08.07"]
[Round "9.67"]
[White "Pinder, Trinity"]
[Black "La Fleur, Zara"]
[Result "0-1"]
[WhiteElo "1183"]
[BlackElo "1513"]
[Annotator "NA RC"]
[PlyCount "87"]
[EventDate "2022.??.??"]
[TimeControl "60"]

1. d4 d5 2. c4 c6 3. e3 Nf6 4. Nf3 Bf5 5. Bd3 Bxd3 6. Qxd3 e6 7. O-O Be7 8. Nc3 Nbd7 9. cxd5 cxd5 10. Re1 O-O 11. e4 dxe4 12. Nxe4 Rc8 13. Bg5 Nd5 14. Bxe7 Qxe7 15. a3 Rc6 16. Ne5 Rc7 17. Nc3 Nxc3 18.
Nxd7 Qxd7 19. bxc3 Rfc8 20. Rec1 e5 21. d5 Rc5 22. c4 b5 23.
Qe3 bxc4 24. Qxe5 Rxd5 25. Qe2 Rd2 26. Rd1 Rxe2 27. Rxd7 c3 28.
Rc1 Rb2 29. g3 c2 30. Kg2 Kf8 31. Rd2 a5 32. a4 Rc6 33. Kf3 Rc4 34. Ke2 Rxa4 35. Rcxc2 Rxc2 36. Rxc2 Ke7 37. Rc6 Ra1 38. Ra6 a4 39. Kf3 a3 40. Ke3 a2 41. Kf4 Rh1 42. Rxa2 Rxh2 43. f3 Rxa2 44. Ke5 0-1

[Event "44th Chess Olympiad Women 2022"]
[Site "Chennai"]
[Date "2022.08.07"]
[Round "9.68"]
[White "Alazmi, Aeshah"]
[Black "Saraci, Nita"]
[Result "1/2-1/2"]
[WhiteElo "1256"]
[BlackElo "1555"]
[Annotator "NA"]
[PlyCount "117"]
[EventDate "2022.??.??"]
[TimeControl "60"]

1. e4 b6 2. d4 Bb7 3. Bd3 e6 4. Qe2 Nf6 5. Nf3 d6 6. c4 Nbd7 7. Nc3 g6 8. a3 Bg7 9. O-O c5 10. d5 O-O 11. Re1 Re8 12. Qd1 a6 13. Rb1 Qc7 14. a4 Ng4 15.
Bf4 Nge5 16. Be2 Nxf3+ 17. Bxf3 e5 18. Be3 Nf6 19. Qd2 Qd7 20.
b3 Bc8 21. h3 Qc7 22. Bh6 Bd7 23. Bxg7 Kxg7 24. g4 Ng8 25. Bg2 Rf8 26. Rf1 f6 27. g5 fxg5 28. Qxg5 Rf4 29. Ne2 Rf6 30. f3 Raf8 31. h4 Qc8 32. Kh2 b5 33. f4 exf4 34. Rxf4 Rxf4 35. Nxf4 Nf6 36. Kg1 Kh8 37. h5 Nxh5 38. Nxh5 gxh5 39. Qxh5 bxc4 40. bxc4 Bxa4 41. Rb6 Rd8 42. e5 dxe5 43. Qxe5+ Kg8 44. d6 Qg4 45. Qd5+ Kf8 46. Rxa6 Bd7 47. Ra8 Rxa8 48. Qxa8+ Kg7 49. Qd5 Qd4+ 50. Qxd4+ cxd4 51. Kf2 Kf6 52. Ke2 Ke5 53. c5 h6 54. Kd2 h5 55. c6 Bxc6 56. Bxc6 Kxd6 57. Bf3 h4 58. Kd3 Ke5 59. Bg2 1/2-1/2

[Event "44th Chess Olympiad Women 2022"]
[Site "Chennai"]
[Date "2022.08.07"]
[Round "9.68"]
[White "Saraci, Rinesa"]
[Black "Nema, Rabab Ahmed"]
[Result "1-0"]
[WhiteElo "1494"]
[BlackElo "1172"]
[Annotator "NA RC"]
[PlyCount "42"]
[EventDate "2022.??.??"]
[TimeControl "60"]

1. e4 e6 2. d4 d5 3. exd5 exd5 4. Nf3 Nf6 5. Be2 Bd6 6. h3 O-O 7. O-O Bf5 8. Nc3 c6 9. Re1 Nbd7 10. Bd3 Bxd3 11. Qxd3 Qc7 12. Bd2 Rfe8 13. Rad1 h6 14. Bc1 b5 15. a3 a5 16. b3 Rxe1+ 17. Rxe1 Re8 18. Rxe8+ Nxe8 19. a4 b4 20. Nd1 Qb6 21. Qf5 Nef6 1-0